 Dungeon Crawl Stone Soup version 0.32-a0-999-gfa1cc04b1d (webtiles) character file.

Game seed: 8192833958314807813

7 Cancer the Sneak (level 2, -2/21 HPs)
             Began as an Octopode Delver on Apr 24, 2024.
             Killed by divine providence
             ... invoked by an orc priest
              (13 damage)
             ... on level 3 of the Dungeon.
             The game lasted 00:02:12 (451 turns).

Cancer the Sneak (Octopode Delver)                   Turns: 451, Time: 00:02:13

Health: -2/21      AC:  1    Str: 11    XL:     2   Next: 0%
Magic:  2/2        EV: 12    Int: 12    God:
Gold:   33         SH:  0    Dex: 13    Spells: 1/1 levels left

rFire   . .          .
                       - Unarmed
rCold   . . .        (no shield)
rNeg    . . .        (helmet restricted)
rPois   .            (no amulet)
rElec   .            (no ring)
rCorr   .            (no ring)
SInv    .            (no ring)
Will    .....        (no ring)
Stlth   ++++         (no ring)
HPRegen 0.23/turn    (no ring)
MPRegen 0.08/turn    (no ring)
                     (no ring)

%: no passive effects
@: no status effects
A: almost no armour, amphibious, 8 rings, camouflage 1, gelatinous body 1,
(nimble swimmer 1), tentacles
a: Convert to Beogh


You were on level 3 of the Dungeon.
You visited 1 branch of the dungeon, and saw 3 of its levels.

You collected 33 gold pieces.

Inventory:

Jewellery
 m - an amulet of faith
Wands
 e - a wand of digging (3)
 l - a wand of paralysis (3)
Scrolls
 a - 2 scrolls of fog
 b - 2 scrolls of revelation
 c - a scroll of fear
 g - a scroll of teleportation {unknown}
 h - a scroll of immolation {unknown}
 j - a scroll of torment {unknown}
Potions
 d - a potion of haste
 f - a potion of enlightenment {unknown}
 i - 2 potions of cancellation {unknown}
 k - a potion of heal wounds {unknown}


   Skills:
 - Level 3.0 Fighting
 - Level 2.0 Dodging
 - Level 6.6 Stealth
 + Level 2.6 Unarmed Combat


You had one spell level left.
You didn't know any spells.
Your spell library contained the following spells:

 Spells                   Type           Power      Damage    Failure   Level
 Dazzling Flash           Conj/Hex       0%         N/A       69%         3
 Starburst                Conj/Fire      0%         6d3       100%        6
 Fulsome Fusillade        Conj/Alch      0%         (3-5)d4   100%        8


Dungeon Overview and Level Annotations

Branches:
Dungeon (5/15)
 Temple: D:4-7

Altars:
Fedhas

Shops:
D:5 *


Innate Abilities, Weirdness & Mutations

You cannot wear most types of armour.
You are amphibious.
You can wear up to eight rings at the same time.
Your skin changes colour to match your surroundings (Stealth+).
Your rubbery body absorbs attacks. (AC +1, EV +1)
((You are camouflaged when in or above water. (Stealth+)))
You have tentacles for arms and can constrict up to eight enemies at once.


Message History

The hobgoblin shouts!
You hear a shout!
An orc priest comes into view. It is wielding a +0 hand axe.
An orc comes into view.
It is wielding a +0 hand axe and wearing a +0 ring mail of willpower.
Found a scroll labelled NAIMIR QEZIG.
The orc priest shouts!
You tentacle-slap the hobgoblin but do no damage.
You grab the hobgoblin. You constrict the hobgoblin.
You tentacle-slap the hobgoblin.
The hobgoblin is heavily wounded.
You constrict the hobgoblin. The hobgoblin closely misses you.
You completely miss the hobgoblin.
The hobgoblin is almost dead.
You constrict the hobgoblin.
You kill the hobgoblin!
You have reached level 2!
The orc priest calls down the wrath of Beogh upon you.
Beogh smites you!
The orc priest shouts, "Beogh offers mercy even to people such as you.
Join us and be reborn!" (press Y on the ability menu to convert to Beogh)
There is a stone staircase leading down here.
The orc hits you with a +0 hand axe!
You tentacle-slap the orc. You grab the orc.
The orc is lightly wounded.
You constrict the orc. The orc barely misses you.
You tentacle-slap the orc.
The orc is heavily wounded.
You constrict the orc, but do no damage.
An orc comes into view. It is wielding a +0 dagger.
The orc misses you.
The orc shouts!
You tentacle-slap the orc but do no damage.
The orc is heavily wounded.
You constrict the orc. The orc hits you with a +0 hand axe.
You tentacle-slap the orc but do no damage.
You squeeze the orc.
You kill the orc!
The orc priest calls down the wrath of Beogh upon you.
Beogh smites you!
Ouch! That really hurt!
You die...

#.. #..# #..# #..#
##..# #....
#####...##########
........o..)@....#
###.#.o########.#
#..# #.# #..# #.#
#..# #.# #..####
#.# #.o...# #.#
#..##.# #.# #
##.##.# #.#


You could see an orc priest and an orc.

Vanquished Creatures
  An orc (D:3)
  A ball python (D:4)
  An endoplasm (D:4)
  2 hobgoblins
  A kobold (D:4)
6 creatures vanquished.

Notes
Turn   | Place    | Note
-------+----------+-------------------------------------------
     0 | D:5      | Cancer the Octopode Delver began the quest for the Orb.
     0 | D:5      | Reached XP level 1. HP: 16/16 MP: 1/1
    45 | D:5      | Noticed a howler monkey
   155 | D:5      | Noticed an iguana
   168 | D:5      | Found Yklusmu's General Store.
   189 | D:5      | Noticed an iguana
   192 | D:5      | Noticed an iguana
   217 | D:4      | Noticed a scorpion
   394 | D:3      | Found a blossoming altar of Fedhas.
   409 | D:3      | Noticed an orc priest
   415 | D:3      | Reached XP level 2. HP: 21/21 MP: 2/2
   451 | D:3      | Killed from afar by an orc priest

Illustrated notes

Levels and vault maps discovered:
D:3:      layout_loops_ring, fedhas_altar_1
D:4:      layout_rooms, palyth_stone_intersect, minmay_snake_closets
D:5:      layout_rooms, serial_shops, shop

Action                     || total
---------------------------++-------
  Melee: Unarmed           ||    12
         Tentacles         ||     4
         Constrict         ||     3
   Stab: Sleeping          ||     1
 Armour: Skin              ||     3
  Dodge: Dodged            ||     4

Table legend: (Time is in decaauts)
 A = Elapsed time spent in this place.
 B = Non-inter-level travel time spent in this place.
 C = Inter-level travel time spent in this place.
 D = Time resting spent in this place.
 E = Time spent auto-exploring this place.
 F = Levels seen in this place.
 G = Mean time per level.
                   A        B        C        D        E       F      G
               +--------+--------+--------+--------+--------+-----+--------+
         Total |    449 |    408 |     41 |     13 |     50 |   3 |  149.7 |
       Dungeon |    449 |    408 |     41 |     13 |     50 |   3 |  149.7 |
               +--------+--------+--------+--------+--------+-----+--------+

Top non-repeatable levels by time:
     D:5: 214 daAuts
     D:4: 157 daAuts
     D:3: 78 daAuts
